 Dungeon Crawl Stone Soup version 0.32-a0-876-gcfddb08e57 (webtiles) character file.

Game seed: 16069131807130609502

126 TacoSundae the Apothecary (level 4, -1/21 HPs)
             Began as a Spriggan Alchemist on Apr 1, 2024.
             Slain by Grinder (5 damage)
             ... on level 2 of the Dungeon.
             The game lasted 00:13:03 (2271 turns).

TacoSundae the Apothecary (Spriggan Alchemist)      Turns: 2271, Time: 00:13:03

Health: -1/21      AC:  2    Str:  4    XL:     4   Next: 84%
Magic:  14/19      EV: 21    Int: 18    God:
Gold:   167        SH:  0    Dex: 15    Spells: 2/10 levels left

rFire   . . .        o - staff of air
rCold   . . .        (shield currently unavailable)
rNeg    . . .        a - +0 robe
rPois   .            (helmet restricted)
rElec   +            (no cloak)
rCorr   .            (gloves unavailable)
SInv    +            (boots unavailable)
Will    .....        (no amulet)
Stlth   ++           d - ring of magical power
HPRegen 0.23/turn    n - +5 ring of evasion
MPRegen 0.16/turn

%: no passive effects
@: very quick
A: very small, no large weapons, unfitting armour, see invisible, speed 3
a: no special abilities


You were on level 2 of the Dungeon.
You visited 1 branch of the dungeon, and saw 3 of its levels.

You collected 167 gold pieces.

Inventory:

Armour
 a - a +0 robe (worn)
Magical Staves
 e - a staff of fire
 h - a staff of death
 o - a staff of air (weapon)
Jewellery
 d - a ring of magical power (left hand)
 n - a +5 ring of evasion (right hand)
Scrolls
 l - a scroll of teleportation
Potions
 b - a potion of magic
 c - a potion of heal wounds
 f - 6 potions of curing
 g - 2 potions of degeneration {unknown}
 i - 2 potions of cancellation {unknown}
 j - 2 potions of enlightenment {unknown}
 k - 2 potions of brilliance {unknown}


   Skills:
 - Level 2.6 Dodging
 - Level 3.0 Stealth
 + Level 3.8 Spellcasting
 + Level 1.6 Conjurations
 + Level 0.5 Fire Magic
 * Level 4.8 Alchemy


You had 2 spell levels left.
You knew the following spells:

 Your Spells              Type           Power      Damage    Failure   Level
a - Sting                 Conj/Alch      60%        1d6       4%          1
b - Mephitic Cloud        Conj/Alch/Air  17%        N/A       19%         3
c - Sticky Flame          Fire/Alch      13%        2d5       43%         4

Your spell library contained the following spells:

 Spells                   Type           Power      Damage    Failure   Level
 Mercury Vapours          Alch/Air       36%        N/A       9%          2
 Olgreb's Toxic Radiance  Alch           21%        N/A       21%         4
 Hailstorm                Conj/Ice       6%         3d5       32%         3
 Summon Ice Beast         Ice/Summ       3%         N/A       41%         3
 Permafrost Eruption      Ice/Erth       1%         2x4d2     100%        6
 Sculpt Simulacrum        Ice/Alch       6%         N/A       100%        6


Dungeon Overview and Level Annotations

Branches:
Dungeon (3/15)

Altars:

Annotations:
D:2 Grinder


Innate Abilities, Weirdness & Mutations

You are very small and have problems with some larger weapons.
You are too small for most types of armour.
You have supernaturally acute eyesight. (SInv)
You cover ground extremely quickly. (Speed+++)


Message History

Grinder is moderately wounded.
Casting: Sting (safe; 4% risk of failure)
Confirm with . or Enter, or press ? or * to list all spells.
Aiming: Sting (safe; 4% risk of failure)
Press: ? - help, Shift-Dir - straight line, f/p - Grinder
Aim: Grinder (moderately wounded, poisoned, 71% to hit)
The sting misses Grinder.
Grinder attacks as she pursues you! Grinder hits you!
You writhe in agony.
Grinder attacks as she pursues you! Grinder hits you.
You writhe in agony.
Grinder looks more healthy.
Grinder gestures at you.
You struggle to resist.
Grinder gestures at you. You resist with some effort.
Casting: Sting (safe; 4% risk of failure)
Confirm with . or Enter, or press ? or * to list all spells.
Aiming: Sting (safe; 4% risk of failure)
Press: ? - help, Shift-Dir - straight line, f/p - Grinder
Aim: Grinder (moderately wounded, 71% to hit)
The sting hits Grinder.
Grinder partially resists.
Grinder is poisoned.
Grinder is moderately wounded.
Casting: Sting (safe; 4% risk of failure)
Confirm with . or Enter, or press ? or * to list all spells.
Aiming: Sting (safe; 4% risk of failure)
Press: ? - help, Shift-Dir - straight line, f/p - Grinder
Aim: Grinder (moderately wounded, poisoned, 71% to hit)
The sting hits Grinder.
Grinder partially resists.
Grinder looks even sicker.
Grinder is heavily wounded.
Casting: Sting (safe; 4% risk of failure)
Confirm with . or Enter, or press ? or * to list all spells.
Aiming: Sting (safe; 4% risk of failure)
Press: ? - help, Shift-Dir - straight line, f/p - Grinder
Aim: Grinder (heavily wounded, very poisoned, 71% to hit)
The sting hits Grinder.
Grinder partially resists.
Grinder is heavily wounded.
Grinder attacks as she pursues you! Grinder hits you!
* * * LOW HITPOINT WARNING * * *
You writhe in agony.
You die...
Grinder says, "Hey, I wasn't done torturing you yet!"

#...)..# #..# #.........####...
#####†## #..# #.........####... #
#)#####..# #.........####... #
#...##†..# #.........####... #
###....#.## #.........####### #
####.....# #.........####### #
#....##.## #.........####### #
#.###...# ##5........#######
######.# #.#.# #@.........#####..
##.....# #.#.###.#.........###...
.#.....###.#.#.(.##.....##.##....
.#...........#.###############...
......................###~~~~###.
#..............#####.###~~~~~~###
#.............######........~~...
#.........<....#####.)......(~~..
#.####.......#.#####.....~~[...~.


You could see Grinder (very poisoned).

Vanquished Creatures
  5 adders
  14 dart slugs
  3 ribbon worms
  An orc (D:2)
  4 endoplasms
  4 giant cockroaches
  A hobgoblin (D:1)
  2 quokkas
  4 ball pythons (D:2)
  3 bats
  A frilled lizard (D:3)
  2 goblins (D:2)
  3 kobolds
  8 rats
55 creatures vanquished.

Notes
Turn   | Place    | Note
-------+----------+-------------------------------------------
     0 | D:1      | TacoSundae the Spriggan Alchemist began the quest for the
                  | Orb.
     0 | D:1      | Reached XP level 1. HP: 9/9 MP: 5/5
   147 | D:1      | Found a faded altar of an unknown god.
   377 | D:1      | Reached XP level 2. HP: 10/13 MP: 2/6
   450 | D:1      | Reached skill level 1 in Conjurations
   830 | D:2      | Reached skill level 4 in Alchemy
   830 | D:2      | Reached XP level 3. HP: 11/16 MP: 2/8
   879 | D:1      | Learned a level 3 spell: Mephitic Cloud
  1531 | D:2      | Reached XP level 4. HP: 21/21 MP: 10/10
  1536 | D:2      | Learned a level 4 spell: Sticky Flame
  2131 | D:3      | Noticed Grinder
  2244 | D:2      | Paralysed by Grinder for 3 turns
  2271 | D:2      | Slain by Grinder

Illustrated notes

Levels and vault maps discovered:
D:1:      tarquinn_simple_flora_water_e, layout_basic,
          shapermc_ecumenical_altar_mp_ritualfount, glass_columns_a
D:2:      cheibrodos_helix_gallery, layout_rooms
D:3:      kennysheep_slugbush, layout_basic, uniq_grinder

Skill      XL: |  1  2 |
---------------+-------+-----
Spellcasting   | 3 |  3.8
Conjurations   | 1 |  1.6
Alchemy        | 4 |  4.8
Dodging        | |  2.6
Stealth        | |  3.0
Fire Magic     | |  0.5

Action                     |  1- 3 |  4- 6 || total
---------------------------+-------+-------++-------
  Melee: Unarmed           |     1 |       ||     1
   Cast: Sting             |    66 |    54 ||   120
    Use: Scroll            |     4 |     3 ||     7
 Armour: Robe              |     8 |     9 ||    17
  Dodge: Dodged            |    15 |     9 ||    24

Table legend: (Time is in decaauts)
 A = Elapsed time spent in this place.
 B = Non-inter-level travel time spent in this place.
 C = Inter-level travel time spent in this place.
 D = Time resting spent in this place.
 E = Time spent auto-exploring this place.
 F = Levels seen in this place.
 G = Mean time per level.
                   A        B        C        D        E       F      G
               +--------+--------+--------+--------+--------+-----+--------+
         Total |   1758 |   1699 |     59 |    214 |    909 |   3 |  586.0 |
       Dungeon |   1758 |   1699 |     59 |    214 |    909 |   3 |  586.0 |
               +--------+--------+--------+--------+--------+-----+--------+

Top non-repeatable levels by time:
     D:2: 758 daAuts
     D:1: 697 daAuts
     D:3: 303 daAuts
